 Dungeon Crawl Stone Soup version 0.29-a0-668-g12ee2bf84d (webtiles) character file.

Game seed: 1493236118219391825

60 Newt the Skirmisher (level 3, 0/30 HPs)
             Began as a Demonspawn Abyssal Knight on June 23, 2022.
             Was a Priest of Lugonu.
             Succumbed to a kobold's poison
             ... on level 3 of the Dungeon.
             The game lasted 00:05:13 (1337 turns).

Newt the Skirmisher (Demonspawn Abyssal Knight)     Turns: 1337, Time: 00:05:14

Health: 0/30       AC:  7    Str: 15    XL:     3   Next: 80%
Magic:  2/4        EV: 10    Int: 11    God:    Lugonu [***...]
Gold:   58         SH:  0    Dex: 13    Spells: 2/2 levels left

rFire   . . .      SeeInvis .   a - +1 spear
rCold   . . .      Faith    +   (no shield)
rNeg    . . .      Spirit   .   j - +0 ring mail
rPois   .          Reflect  .   (no helmet)
rElec   .          Harm     .   (no cloak)
rCorr   .          Rampage  .   q - +1 pair of gloves
Will    .....                   (no boots)
Stlth   +.........              e - amulet of faith
HPRegen 0.10/turn               (no ring)
MPRegen 0.09/turn               (no ring)

@: lethally poisoned (0 -> -6)
A: powered by death 1, weakness stinger 1
a: Renounce Religion, Depart the Abyss, Bend Space, Banish


You were on level 3 of the Dungeon.
You worshipped Lugonu.
Lugonu was most pleased with you.
You visited 1 branch of the dungeon, and saw 3 of its levels.
You visited the Abyss 1 time.

You collected 58 gold pieces.

Inventory:

Hand Weapons
 a - a +1 spear (weapon)
Armour
 b - a +0 leather armour
 f - a +0 pair of gloves
 j - a +0 ring mail (worn)
 q - a +1 pair of gloves (worn)
Jewellery
 e - an amulet of faith (around neck)
 o - an amulet of the acrobat
Scrolls
 c - 3 scrolls of identify {unknown}
 k - a scroll of fear {unknown}
 n - a scroll of enchant weapon {unknown}
 p - a scroll of teleportation {unknown}
Potions
 d - a potion of flight {unknown}
 g - a potion of curing
 h - a potion of brilliance {unknown}
 i - 2 potions of haste {unknown}
 l - a potion of berserk rage {unknown}
 m - a potion of heal wounds {unknown}


   Skills:
 + Level 3.8 Fighting
 + Level 2.5 Polearms
 + Level 2.4 Armour
 - Level 0.8 Dodging
 + Level 2.5 Invocations


You had 2 spell levels left.
You didn't know any spells.
Your spell library contained the following spells:

 Spells                   Type           Power      Damage    Failure   Level
 Apportation              Tloc           0%         N/A       56%         1
 Necrotize                Necr           0%         1d4       56%         1
 Summon Small Mammal      Summ           0%         N/A       56%         1


Dungeon Overview and Level Annotations

Branches:
Dungeon (3/15)

Altars:


Innate Abilities, Weirdness & Mutations

You regenerate a little health from kills.
You have a small tail.


Message History

The kobold throws a poisoned dart.
The poisoned dart hits you!
You are poisoned.
The kobold barely misses you.
You barely miss the kobold.
Your tail-slap misses the kobold.
The kobold is heavily wounded.
You feel sick.
The kobold throws a poisoned dart.
The poisoned dart hits you!
You are more poisoned.
The kobold hits you but does no damage.
You barely miss the kobold.
The kobold is heavily wounded.
You feel very sick.
The kobold throws a poisoned dart.
The poisoned dart hits you!
You are lethally poisoned!
The kobold barely misses you.
You feel very sick.
You feel very sick.
The kobold throws a stone.
The stone closely misses you.
It was a potion of curing.
You feel better.
The kobold throws a poisoned dart.
The poisoned dart hits you!
You are poisoned.
An orc wizard comes into view. It is wielding a staff of air.
You feel very sick.
The orc wizard shouts!
The kobold throws a poisoned dart.
The poisoned dart closely misses you.
The orc wizard moves out of view.
The kobold attacks as you move away! The kobold hits you but does no damage.
You feel sick.
The kobold throws a poisoned dart.
The poisoned dart hits you!
You are lethally poisoned!
You feel very sick.
The kobold throws a stone.
The stone hits you but does no damage.
* * * LOW HITPOINT WARNING * * *
You feel very sick.
Found 5 stones.
* * * LOW HITPOINT WARNING * * *
You feel sick. Space bends violently around you!
You blink.
* * * LOW HITPOINT WARNING * * *
You feel sick. Space bends violently around you!
You blink.
The kobold blinks!
You die...

########## ##.[......
########...##....
########...§.K§.)....# .
#...........@.o...#.###..(
#.######§####.##..........
#.# #.# #.##.)........ #.#
#.# ##.#..†#.##... #.# #.#
#........ #.# #.#
##K###.##.# #.# #.# #.# .#
# #.# #.# ..# # #.# #...(.
##..


You could see an orc wizard and 2 kobolds.

Vanquished Creatures
  An adder (D:3)
  A worm (D:2)
  An orc (D:3)
  4 ball pythons
  A bat (D:1)
  4 endoplasms
  A giant cockroach (D:2)
  3 goblins
  2 hobgoblins
  4 jackals (D:1)
  6 quokkas
  3 frilled lizards
  5 kobolds
  6 rats
42 creatures vanquished.

Vanquished Creatures (others)
  A fungus (D:2)
1 creature vanquished.

Grand Total: 43 creatures vanquished

Notes
Turn   | Place    | Note
-------+----------+-------------------------------------------
     0 | Abyss:1  | Newt the Demonspawn Abyssal Knight began the quest for the
                  | Orb.
     0 | Abyss:1  | Reached XP level 1. HP: 18/18 MP: 2/2
    51 | Abyss:1  | Noticed a white draconian
    54 | Abyss:1  | Noticed a torpor snail
    58 | Abyss:1  | Noticed an eye of devastation
    58 | Abyss:1  | a torpor snail changed into an eye of devastation
    59 | Abyss:1  | Noticed a redback
    59 | Abyss:1  | an eye of devastation changed into a redback
    59 | Abyss:1  | Noticed an elephant
    59 | Abyss:1  | a redback changed into an elephant
    59 | Abyss:1  | Noticed an ancient zyme
    60 | D:1      | Escaped the Abyss
   212 | D:1      | Reached ** piety under Lugonu
   388 | D:1      | Gained mutation: You have a small tail. [demonic ancestry]
   388 | D:1      | Reached XP level 2. HP: 23/24 MP: 3/3
   809 | D:1      | Gained mutation: You regenerate a little health from kills.
                  | [demonic ancestry]
   809 | D:1      | Reached XP level 3. HP: 29/29 MP: 4/4
  1092 | D:2      | Reached *** piety under Lugonu
  1337 | D:3      | Succumbed to a kobold's poison

Illustrated notes

Levels and vault maps discovered:
D:1:      beargit_arrival_greenhouse, layout_rooms
D:2:      layout_loops_cross, shapermc_ecumenical_altar_ellora,
          minmay_heptomino_d4, uniq_natasha
D:3:      layout_loops_ring

Skill      XL: |  1  2 |
---------------+-------+-----
Armour         | 2 |  2.4
Polearms       | 2 |  2.5
Fighting       | |  3.8
Dodging        | |  0.8
Invocations    | |  2.5

Action                   || total
-------------------------++-------
Melee: Spear             ||   161
       Tailslap          ||    11
Invok: Depart the Abyss  ||     1
       Bend Space        ||     2
  Use: Potion            ||     1
 Stab: Sleeping          ||     1
Armor: Leather armour    ||    14
       Ring mail         ||    35
Dodge: Dodged            ||    73

Table legend: (Time is in decaauts)
 A = Elapsed time spent in this place.
 B = Non-inter-level travel time spent in this place.
 C = Inter-level travel time spent in this place.
 D = Time resting spent in this place.
 E = Time spent auto-exploring this place.
 F = Levels seen in this place.
 G = Mean time per level.
                   A        B        C        D        E       F      G
               +--------+--------+--------+--------+--------+-----+--------+
         Total |   1338 |   1338 |      0 |    408 |    176 |   4 |  334.5 |
       Dungeon |   1275 |   1275 |      0 |    408 |    125 |   3 |  425.0 |
         Abyss |     62 |     62 |      0 |      0 |     51 |   1 |   62.0 |
               +--------+--------+--------+--------+--------+-----+--------+

Top non-repeatable levels by time:
     D:1: 808 daAuts
     D:2: 287 daAuts
     D:3: 180 daAuts
 Abyss:1: 62 daAuts
